 Dungeon Crawl Stone Soup version 0.21-a0-496-g696f58f (webtiles) character file.

36 slep the Slasher (level 3, 0/30 HPs)
             Began as a Minotaur Gladiator on Nov 23, 2017.
             Slain by a goblin
             ... wielding a +0 dagger
             ... led by Robin
              (2 damage)
             ... on level 2 of the Dungeon on Nov 24, 2017.
             The game lasted 00:02:15 (878 turns).

slep the Slasher (Minotaur Gladiator)                Turns: 878, Time: 00:02:16

Health: 0/30       AC:  3    Str: 19    XL:     3   Next: 19%
Magic:  2/2        EV: 13    Int:  5    God:
Gold:   24         SH:  0    Dex: 11    Spells: 2/2 levels left

rFire    . . .     SeeInvis .   a - +0 long sword
rCold    . . .     Gourm    .   (no shield)
rNeg     . . .     Faith    .   b - +0 leather armour
rPois    .         Spirit   .   c - +0 hat
rElec    .         Reflect  .   (no cloak)
rCorr    .         Harm     .   (no gloves)
MR       .....                  (no boots)
Stlth    +.........             (no amulet)
HPRegen  0.10/turn              (no ring)
MPRegen  0.08/turn              (no ring)

@: no status effects
A: retaliatory headbutt, horns 2
a: no special abilities


You were on level 2 of the Dungeon.
You were not hungry.

You visited 1 branch of the dungeon, and saw 2 of its levels.

You collected 24 gold pieces.

Inventory:

Hand Weapons
 a - a +0 long sword (weapon)
Missiles
 d - 3 throwing nets (quivered)
Armour
 b - a +0 leather armour (worn)
 c - a +0 hat (worn)
Scrolls
 e - 2 scrolls of teleportation {unknown}
 h - a scroll of enchant armour {unknown}
 j - a scroll of remove curse {unknown}
 k - a scroll of fear {unknown}
Potions
 i - a potion of haste
 l - a potion of heal wounds {unknown}
Comestibles
 f - a bread ration
 g - a royal jelly


   Skills:
 + Level 2.7 Fighting
 + Level 4.1 Long Blades
 + Level 2.1 Throwing
 + Level 0.7 Armour
 + Level 4.0 Dodging


You had 2 spell levels left.
You didn't know any spells.

Dungeon Overview and Level Annotations

Branches:
Dungeon (2/15)

Altars:

Annotations:
D:2 Robin


Innate Abilities, Weirdness & Mutations

You reflexively headbutt those who attack you in melee.
You have a pair of horns on your head.


Message History

Robin roars a battlecry!
The goblins go into a battle-frenzy!
The goblin hits you but does no damage.
You see here a dagger.
The goblin no longer looks unusually strong. x2
Robin roars a battlecry!
The goblins go into a battle-frenzy!
The goblin no longer looks unusually strong.
The goblin no longer looks unusually strong.
You closely miss the goblin.
The hobgoblin no longer looks unusually strong.
The goblin hits you with a dagger.
* * * LOW HITPOINT WARNING * * *
You hit the goblin. You headbutt the goblin.
You kill the goblin!
The goblin hits you with a dagger.
* * * LOW HITPOINT WARNING * * *
You closely miss the goblin. Your headbutt misses the goblin.
The goblin hits you with a dagger.
You die...

######## ##.## #......#
##...###### ###.####.#
#......)ggg #..<...#.#
##..g######
........##.#.# ##.##
.####.####.#)## #.# #.
#....# #.# #.####....#
#g#
#.......@)#######.###
###.....g...##..g..##
#......g..##......##
#.........##...>...#
..........g.g.†...#....
###........[##.......###
#.#....##.#######.##
#.#######.# .# # #.# .#


You could see 2 hobgoblins and 2 goblins.

Vanquished Creatures
  An adder (D:2)
  A dart slug (D:1)
  2 leopard geckos
  A ball python (D:1)
  A bat (D:1)
  7 goblins (D:2)
  5 hobgoblins (D:1)
  A frilled lizard (D:1)
  A rat (D:1)
20 creatures vanquished.

Notes
Turn   | Place    | Note
-------+----------+-------------------------------------------
     0 | D:1      | slep the Minotaur Gladiator began the quest for the Orb.
     0 | D:1      | Reached XP level 1. HP: 18/18 MP: 0/0
     3 | D:1      | Noticed an electric eel
     3 | D:1      | Noticed an electric eel
   225 | D:1      | Reached XP level 2. HP: 23/25 MP: 1/1
   833 | D:2      | Reached XP level 3. HP: 22/30 MP: 2/2
   846 | D:2      | Noticed Robin
   878 | D:2      | Slain by a goblin

Vault maps used:
D:1:      arrival_aquarium_b, minmay_hexomino_f4
D:2:      first_bread, uniq_natasha, uniq_crazy_yiuf_cottage, uniq_robin

Skill      XL: |  1  2 |
---------------+-------+-----
Long Blades    | 4 |  4.1
Dodging        | 4 |  4.0
Fighting       | |  2.7
Throwing       | |  2.1
Armour         | |  0.7

Action                   || total
-------------------------++-------
Melee: Long sword        ||    41
       Headbutt          ||     5
Armor: Leather armour    ||     9
Dodge: Dodged            ||    29
       Rpst.: Long sword ||     8

Table legend:
 A = Spawn XP
 B = Non-spawn XP
 C = Spawn XP percentage of total XP
 D = Spawn monster count
 E = Non-spawn monster count
 F = Spawn count percentage of total count
 G = Total turns spent on level
                    A         B        C        D         E        F      G
               +---------+---------+-------+---------+---------+-------+---------
         Total |       0 |      52 |   0.0 |       0 |      20 |   0.0 |   878
               +---------+---------+-------+---------+---------+-------+---------
           D:1 |       0 |      23 |   0.0 |       0 |      11 |   0.0 |   801
           D:2 |       0 |      29 |   0.0 |       0 |       9 |   0.0 |    77
               +---------+---------+-------+---------+---------+-------+---------
